 Dungeon Crawl Stone Soup version 0.31.0-32-g396128a36d (webtiles) character file.

Game seed: 13691506045309257504

325 Nova0303 the Slasher (level 6, -1/48 HPs)
             Began as a Demonspawn Chaos Knight on Apr 11, 2024.
             Was a Plaything of Xom.
             Succumbed to a gnoll sergeant's poison
             ... on level 6 of the Dungeon.
             The game lasted 00:06:01 (1294 turns).

Nova0303 the Slasher (Demonspawn Chaos Knight)      Turns: 1294, Time: 00:06:02

Health: -1/48      AC: 11    Str: 14    XL:     6   Next: 24%
Magic:  6/6        EV:  4    Int: 13    God:    Xom [..*...]
Gold:   66         SH:  0    Dex: 12    Spells: 5/5 levels left

rFire   . . .        a - +0 falchion (chaos)
rCold   . . .        (no shield)
rNeg    . . .        p - +0 plate armour
rPois   .            (no helmet)
rElec   .            (no cloak)
rCorr   .            (no gloves)
SInv    .            (no boots)
Will    .....        (no amulet) Stlth
                     (no ring)
HPRegen 0.28/turn    (no ring)
MPRegen 0.10/turn

%: no passive effects
@: lethally poisoned (-1 -> -18), about to teleport
A: spiny 2, demonic touch 1
a: Renounce Religion


You were on level 6 of the Dungeon.
You worshipped Xom.
You were a toy of Xom.
You visited 1 branch of the dungeon, and saw 4 of its levels.

You collected 66 gold pieces.

Inventory:

Hand Weapons
 a - a +0 falchion of chaos (weapon)
Armour
 b - a +2 leather armour
 h - a +0 scale mail
 p - a +0 plate armour (worn)
Jewellery
 i - an amulet of the acrobat
Scrolls
 c - a scroll of butterflies
 l - a scroll of identify {unknown}
Potions
 e - a potion of heal wounds {unknown}
 f - 2 potions of invisibility {unknown}
 g - a potion of might {unknown}
 j - 2 potions of lignification {unknown}
 m - a potion of curing {unknown}
 o - a potion of cancellation {unknown}


   Skills:
 + Level 3.9 Fighting
 + Level 5.1 Long Blades
 + Level 2.8 Armour
 + Level 1.9 Dodging
 + Level 0.2 Stealth


You had 5 spell levels left.
You didn't know any spells.
Your spell library contained the following spells:

 Spells                   Type           Power      Damage    Failure   Level
 Ensorcelled Hibernation  Hex/Ice        0%         N/A       100%        2
 Passwall                 Erth           0%         N/A       100%        3
 Swiftness                Air            0%         N/A       100%        3


Dungeon Overview and Level Annotations

Branches:
Dungeon (3/15)

Altars:


Innate Abilities, Weirdness & Mutations

You are mostly covered in sharp spines.
Your touch may inflict minor irresistible damage on your foes.


Message History

The hound bites you but does no damage.
You hit the hound but do no damage. Your touch misses the hound.
The hound is almost dead.
The hound is struck by your spines.
You kill the hound!
Your Long Blades skill increases to level 5!
The gnoll sergeant is struck by your spines.
The gnoll sergeant hits you with a +2 spear of venom.
You are poisoned.
An adder comes into view.
The gnoll is struck by your spines.
The gnoll hits you but does no damage. x2
You barely miss the gnoll sergeant.
The adder hisses angrily.
You touch the gnoll sergeant!
The gnoll sergeant is severely wounded.
You feel very sick.
The gnoll sergeant is struck by your spines.
The gnoll sergeant hits you with a +2 spear of venom.
You are more poisoned.
The gnoll is struck by your spines. The gnoll hits you but does no damage.
As you read the scroll labelled NUISTRO ECIPTOE, it dissolves into smoke.
It was a scroll of fog.
You feel very sick.
The gnoll sergeant is struck by your spines.
The gnoll sergeant hits you with a +2 spear of venom.
You are lethally poisoned!
The gnoll hits you with a +0 whip.
* * * LOW HITPOINT WARNING * * *
As you read the scroll labelled HIQOMAR COG JENG, it crumbles to dust.
You assume a fearsome visage.
The gnoll sergeant looks frightened!
The gnoll looks frightened!
The jelly looks frightened!
The black bear looks frightened!
It was a scroll of fear.
* * * LOW HITPOINT WARNING * * *
You feel extremely sick.
* * * LOW HITPOINT WARNING * * *
You feel very sick.
As you read the scroll labelled YFEAS XAINN, it crumbles to dust.
You feel strangely unstable.
It was a scroll of teleportation.
You die...
Xom howls with laughter!

......... .#....##
#........ ......
..##........ ..... .
............ g...## >.
............ #....#...
............ #g§g.....
...........## ##g§§...$.
............#.#§§§§....#
..............§§@§§....#
..............§§§§§...##
.#............§#§§§...#
.......##....## ......>
...... ....... .....##
)...... ......# ......#
..#....


You could see a gnoll.

Vanquished Creatures
  A sky beast (D:6)
  A bullfrog (D:6)
  A bombardier beetle (D:6)
  A hound (D:6)
  4 gnolls (D:2)
  3 adders
  A white imp (D:6)
  4 ball pythons
  4 bats
  4 endoplasms
  3 giant cockroaches
  A goblin (D:2)
  A hobgoblin (D:1)
  3 jackals (D:1)
  A quokka (D:2)
  2 frilled lizards
  4 kobolds
  A rat (D:2)
40 creatures vanquished.

Notes
Turn   | Place    | Note
-------+----------+-------------------------------------------
     0 | D:1      | Nova0303 the Demonspawn Chaos Knight began the quest for
                  | the Orb.
     0 | D:1      | Reached XP level 1. HP: 18/18 MP: 1/1
   105 | D:1      | XOM: divination: magic mapping
   140 | D:1      | Found a faded altar of an unknown god.
   147 | D:1      | Reached skill level 3 in Long Blades
   159 | D:1      | Gained mutation: You are partially covered in sharp spines.
                  | [demonic ancestry]
   159 | D:1      | Reached XP level 2. HP: 22/24 MP: 2/2
   340 | D:1      | Reached skill level 1 in Dodging
   471 | D:1      | XOM: divination: magic mapping
   589 | D:2      | Gained mutation: Your touch may inflict minor irresistible
                  | damage on your foes. [demonic ancestry]
   589 | D:2      | Reached XP level 3. HP: 27/29 MP: 3/3
   714 | D:2      | XOM: silly message
   717 | D:2      | Reached XP level 4. HP: 20/35 MP: 4/4
   889 | D:2      | Identified the +7 ring mail of Living Leaves {rF++ rC-
                  | rN+++}
  1057 | D:2      | Reached skill level 4 in Long Blades
  1151 | D:3      | You fall into a shaft and drop 3 floors!
  1154 | D:6      | Noticed a bullfrog
  1154 | D:6      | XOM: enchant monster (good)
  1156 | D:6      | XOM: cast spell 'Metabolic Englaciation'
  1161 | D:6      | Killed a bullfrog
  1162 | D:6      | Gained mutation: You are mostly covered in sharp spines.
                  | [demonic ancestry]
  1162 | D:6      | Reached XP level 5. HP: 35/41 MP: 5/5
  1164 | D:6      | Noticed a sky beast
  1179 | D:6      | Killed a sky beast
  1277 | D:6      | Reached XP level 6. HP: 40/48 MP: 6/6
  1282 | D:6      | XOM: 3-stop teleportation journey
  1289 | D:6      | Reached skill level 5 in Long Blades
  1293 | D:6      | HP: 2/48 [poisoned by a gnoll sergeant]
  1294 | D:6      | Succumbed to a gnoll sergeant's poison

Illustrated notes

Levels and vault maps discovered:
D:1:      eino_arrival_cavern_e, layout_rooms,
          ebering_ecumenical_altar_sacrificial
D:2:      layout_rooms
D:3:      layout_basic, wad_orctagon, uniq_robin, uniq_terence
D:6:      layout_cave_pools

Skill      XL: |  1  2  3  4  5  6 |
---------------+-------------------+-----
Armour         | 2 |  2.8
Long Blades    | 3 4 5 |  5.1
Dodging        | 1 |  1.9
Fighting       | |  3.9
Stealth        | |  0.2

Action                     |  1- 3 |  4- 6 || total
---------------------------+-------+-------++-------
  Melee: Falchion          |    46 |    32 ||    78
         Touch             |     2 |     8 ||    10
    Use: Scroll            |       |     3 ||     3
 Armour: Leather armour    |    23 |       ||    23
         Scale mail        |    11 |     4 ||    15
         Plate armour      |       |    26 ||    26
  Dodge: Dodged            |    27 |    12 ||    39
